Map: Cactus Valley LE (Void)

Players

AgCl

  • Race: Protoss Protoss

SiZilla - Winner!

  • Race: Zerg Zerg

VOD

Have the link to the VOD?

Description

Time

  • Played on: May 1, 2015, 1:36 a.m.
  • Length: 8:07
Show
View Real Time Build Order
Export as new Build Order

AgCl Protoss 

Build Orders: Oracle Opening, Oracle Opening 

Get SALT Encoding   

  12  0:02  Probe  
  13  0:14  Probe  
  14  0:24  Pylon  
  14  0:35  Assimilator  
  14  0:43  Gateway  
  14  0:45  Probe (Chrono Boost)  
  15  0:56  Probe (Chrono Boost)  
  16  1:02  Pylon  
  16  1:03  Probe (Chrono Boost)  
  18  1:13  Probe (Chrono Boost)  
  18  1:19  Probe (Chrono Boost)  
  18  1:20  Assimilator  
  19  1:32  Cybernetics Core, Probe  
  20  1:45  Probe (Chrono Boost)  
  21  1:54  Pylon  
  21  1:57  Probe (Chrono Boost)  
  22  2:04  Probe (Chrono Boost)  
  23  2:14  Stargate  
  23  2:15  Probe (Chrono Boost)  
  24  2:27  Mothership Core (Chrono Boost)  
  26  2:45  Nexus  
  26  2:46  Probe  
  26  2:50  Warp Gate (Chrono Boost)  
  27  3:02  Forge  
  27  3:04  Oracle (Chrono Boost)  
  30  3:10  Probe  
  31  3:23  Pylon  
  31  3:42  Fleet Beacon  
  31  3:59  Gateway  
  32  4:05  Probe x2 (Chrono Boost)  
  32  4:08  Pylon  
  33  4:15  Probe (Chrono Boost)  
  35  4:17  Probe (Chrono Boost)  
  35  4:23  Probe  
  36  4:31  Gateway  
  36  4:34  Probe  
  37  4:44  Probe  
  44  4:49  Probe  
  45  4:56  Probe  
  46  5:01  Probe  
  47  5:08  Probe  
  48  5:20  Pylon  
  48  5:25  Pylon  
  48  5:27  Probe (Chrono Boost)  
  50  5:30  Protoss Ground Weapons Level 1 (Chrono Boost)  
  50  5:33  Probe (Chrono Boost)  
  50  5:34  Assimilator  
  50  5:35  Assimilator  
  50  5:37  Probe (Chrono Boost), Protoss Air Weapons Level 1 (Chrono Boost)  
  50  5:38  Graviton Catapult (Chrono Boost)  
  50  5:40  Zealot  
  50  5:41  Probe (Chrono Boost), Zealot  
  56  5:44  Probe, Zealot  
  59  5:51  Probe  
  59  6:03  Zealot  
  59  6:04  Zealot  
  57  6:05  Zealot  
  55  6:15  Stalker  
  55  6:18  Probe (Chrono Boost)  
  59  6:21  Stargate  
  59  6:22  Pylon  
  59  6:24  Probe (Chrono Boost)  
  59  6:25  Stargate  
  59  6:27  Twilight Council  
  59  6:28  Probe (Chrono Boost), Zealot x2, Pylon  
  59  6:31  Probe (Chrono Boost)  
  65  6:35  Probe  
  52  6:48  Probe (Chrono Boost)  
  52  6:49  Probe (Chrono Boost)  
  52  6:52  Carrier (Chrono Boost)  
  54  6:58  Photon Cannon  
  54  7:00  Probe x2 (Chrono Boost)  
  56  7:05  Dark Shrine  
  56  7:07  Probe (Chrono Boost)  
  63  7:18  Pylon  
  63  7:21  Zealot  
  63  7:22  Zealot  
  67  7:36  Oracle (Chrono Boost)  
  70  7:39  Photon Cannon  
  70  7:44  Pylon, Photon Cannon  
  70  7:48  Pylon  
Show
View Real Time Build Order
Export as new Build Order

SiZilla Zerg - Winner!

Build Orders: 3 Hatch before Pool 

Get SALT Encoding   

  12  0:01  Drone  
  13  0:10  Drone  
  14  0:17  Overlord  
  14  0:37  Drone  
  15  0:45  Hatchery  
  15  0:47  Drone  
  15  0:53  Drone  
  15  0:55  Drone  
  17  1:03  Drone  
  18  1:23  Hatchery, Drone  
  18  1:32  Overlord  
  18  1:35  Drone  
  19  1:48  Drone  
  20  1:54  Drone  
  20  1:55  Spawning Pool  
  20  1:58  Drone  
  21  2:01  Extractor  
  21  2:06  Drone  
  21  2:10  Drone  
  21  2:14  Drone  
  23  2:19  Drone  
  24  2:27  Drone  
  25  2:30  Drone  
  26  2:37  Drone  
  26  2:39  Drone  
  26  2:41  Drone  
  29  2:46  Drone  
  29  2:47  Spore Crawler  
  29  2:48  Drone  
  29  2:49  Queen  
  29  2:50  Spore Crawler  
  31  2:55  Drone, Spore Crawler  
  31  2:57  Queen  
  33  3:10  Drone x5  
  38  3:14  Queen  
  38  3:16  Drone  
  41  3:20  Overlord  
  41  3:23  Drone  
  42  3:28  Overlord  
  42  3:36  Metabolic Boost  
  42  3:40  Drone x5  
  47  3:44  Drone  
  48  3:54  Drone  
  48  3:55  Drone  
  50  3:58  Drone x3  
  50  3:59  Drone x2  
  50  4:00  Extractor  
  50  4:02  Evolution Chamber  
  53  4:03  Drone  
  53  4:05  Evolution Chamber  
  53  4:08  Zergling x10  
  58  4:12  Overlord  
  58  4:27  Extractor  
  57  4:33  Drone x2  
  57  4:34  Drone x6  
  57  4:35  Drone  
  57  4:36  Overlord  
  66  4:39  Hatchery  
  66  4:42  Zerg Ground Armor Level 1  
  65  4:47  Zerg Melee Weapons Level 1  
  65  4:48  Drone  
  65  4:51  Overlord x3  
  66  5:01  Lair  
  66  5:03  Extractor x2  
  66  5:04  Drone x3  
  66  5:05  Drone x3  
  66  5:06  Drone  
  67  5:17  Zergling x18  
  67  5:20  Overlord  
  75  5:24  Extractor  
  74  5:35  Drone x5  
  79  5:42  Zergling x12  
  85  5:47  Hatchery  
  84  6:02  Zergling x2  
  84  6:03  Zergling x24  
  88  6:14  Zergling x2  
  88  6:15  Zergling x12  
  88  6:18  Spine Crawler  
  92  6:20  Spine Crawler  
  92  6:23  Zergling x6  
  94  6:29  Zergling x4  
  94  6:30  Zergling x2  
  93  6:49  Spire  
  93  6:51  Drone x3  
  93  6:53  Drone x3  
  93  6:54  Drone  
  99  6:55  Queen  
  99  6:57  Drone x2  
  99  6:58  Drone x3  
  99  6:59  Extractor  
  105  7:14  Drone  
  105  7:15  Drone x4  
  110  7:16  Overlord x2  
  110  7:21  Drone x3, Infestation Pit  
  112  7:25  Extractor  
  112  7:29  Zergling x2  
  111  7:30  Zergling x12  
  111  7:31  Overlord  
  111  7:32  Overlord x3  
Tags
 
Add a new tag
Caveats
  • Supply blocks, unpowered buildings, or Contaminate may cause inaccurate times.
  • Supply counts are checked every 10 seconds.